cohdb
Replays
Latest Replays
All Replays
Popular Replays
Top Player Replays
Match Explorer
How It Works
Community
CoH3 Stats
Reddit
Sign in to upload your games and track your stats! →
Sign in with Steam
Match 42100585
Unlisted
Match 42100585
Overview
Messages
Build Orders
End
Construct Barracks
Riflemen Squad
1⁄4-ton 4x4 Truck
M1 Mortar Team
Riflemen Squad
Riflemen Squad
Construct Weapon Support Center
Infantry Support Center
Construct Motor Pool
Bazooka Squad
M8 Greyhound Armored Car
Construct Medical Station
M24 Chaffee Light Tank
Adri
MadMax
0
0
Comments
sign in to comment!
No comments posted yet!